 Dungeon Crawl Stone Soup version 0.27.1-4-g1640c2035a (webtiles) character file.

Game seed: 945291896186107171

93 deusastra the Covered (level 4, -5/41 HPs)
             Began as a Minotaur Fighter on Nov 16, 2021.
             Killed by divine providence
             ... invoked by an orc priest
              (10 damage)
             ... on level 3 of the Dungeon.
             The game lasted 00:07:13 (1870 turns).

deusastra the Covered (Minotaur Fighter)            Turns: 1870, Time: 00:07:14

Health: -5/41      AC:  6    Str: 22    XL:     4   Next: 36%
Magic:  3/3        EV:  8    Int:  5    God:
Gold:   92         SH:  9    Dex:  9    Spells: 3/3 levels left

rFire    . . .     SeeInvis .   a - +0 long sword
rCold    . . .     Faith    .   c - +0 kite shield
rNeg     . . .     Spirit   .   g - +0 ring mail
rPois    .         Reflect  .   (helmet restricted)
rElec    .         Harm     .   (no cloak)
rCorr    .         Rampage  .   (no gloves)
Will     .....                  (no boots)
Stlth    ..........             (no amulet)
HPRegen  0.13/turn              (no ring)
MPRegen  0.08/turn              (no ring)

@: no status effects
A: horns 2, retaliatory headbutt
a: no special abilities


You were on level 3 of the Dungeon.
You visited 1 branch of the dungeon, and saw 3 of its levels.

You collected 92 gold pieces.

Inventory:

Hand Weapons
 a - a +0 long sword (weapon)
Missiles
 e - 10 poisoned darts (quivered)
Armour
 b - a +0 scale mail
 c - a +0 kite shield (worn)
 g - a +0 ring mail (worn)
Scrolls
 f - 2 scrolls of identify {unknown}
 i - a scroll of blinking {unknown}
 j - 2 scrolls of enchant weapon {unknown}
 l - a scroll of summoning {unknown}
Potions
 d - 2 potions of might
 h - a potion of flight {unknown}
 k - a potion of curing {unknown}


   Skills:
 * Level 4.5 Fighting
 * Level 3.4 Long Blades
 * Level 4.5 Armour
 - Level 0.4 Dodging
 + Level 4.1 Shields


You had 3 spell levels left.
You didn't know any spells.
Your spell library contained the following spells:

 Spells                   Type           Power      Damage    Failure   Level
 Summon Small Mammal      Summ           0%         N/A       98%         1
 Call Canine Familiar     Summ           0%         N/A       100%        3
 Dazzling Flash           Conj/Hex       0%         N/A       100%        3
 Summon Guardian Golem    Hex/Summ       0%         N/A       100%        3
 Agony                    Necr           0%         N/A       100%        5
 Silence                  Hex/Air        0%         N/A       100%        5


Dungeon Overview and Level Annotations

Branches:
Dungeon (3/15)

Altars:
Cheibriados


Innate Abilities, Weirdness & Mutations

You have a pair of horns on your head.
You reflexively headbutt those who attack you in melee.


Message History

HP restored.
Found an escape hatch in the ceiling.
Found a scroll labelled BAHATT NUN KUTU.
Found a potion of might.
j - 2 scrolls labelled BAHATT NUN KUTU (gained 1)
Found an escape hatch in the floor.
Found 28 bolts.
Found a scroll labelled FONESYXT ASAER and a scroll labelled YLACWE YZXEMAFE.
d - 2 potions of might (gained 1)
l - a scroll labelled FONESYXT ASAER
f - 2 scrolls labelled YLACWE YZXEMAFE (gained 1)
You now have 92 gold pieces (gained 3).
The orc priest shouts!
You hear a shout!
The orc priest looks encouraged for a moment.
A bat comes into view.
The orc wizard casts a spell at you. The magic dart hits you!
You barely miss the orc wizard.
The orc priest miscasts a cantrip.
You block the orc wizard's attack.
You completely miss the orc wizard.
The orc wizard hits you but does no damage.
The orc wizard casts a spell.
The orc wizard flickers and vanishes!
Deactivating autopickup; reactivate with Ctrl-A.
The orc shouts!
You hear a shout!
The orc priest calls down the wrath of Beogh upon you.
Beogh smites you!
The orc priest mumbles some strange prayers to Beogh against you.
Beogh smites you!
The orc priest looks braver for a moment.
You hear some strange, mumbled words.
Something tries to affect you, but you resist.
A puff of flame appears from out of thin air!
The puff of flame hits you!
* * * LOW HITPOINT WARNING * * *
There is a stone staircase leading up here.
The orc priest calls down the wrath of Beogh upon you.
Beogh smites you!
You die...

.......#.. ....#
..........#####....#
...............#...#
...............#...#
...)...........#...#
.>.............#.#.#
#................#.#
#..................###
#......@...o.........#
......#..$....###..#.###
........oo..............
....#.#...........#.....
... #.####...#....###.#.
## . #.o##..#......# #.
........#####..# #
.##o#.....#####.. #
#.#.#.#.....#..


You could see an orc priest and 3 orcs.

Vanquished Creatures
  A gnoll (D:1)
  3 adders (D:2)
  2 worms
  2 dart slugs (D:2)
  4 endoplasms
  A giant cockroach (D:1)
  4 goblins (D:1)
  4 hobgoblins
  2 kobolds (D:1)
  3 quokkas
  7 ball pythons
  4 bats
  5 frilled lizards
  6 rats
48 creatures vanquished.

Notes
Turn   | Place    | Note
-------+----------+-------------------------------------------
     0 | D:1      | deusastra the Minotaur Fighter began the quest for the Orb.
     0 | D:1      | Reached XP level 1. HP: 19/19 MP: 0/0
   312 | D:1      | Reached XP level 2. HP: 27/27 MP: 1/1
   851 | D:1      | Reached XP level 3. HP: 33/33 MP: 2/2
  1099 | D:2      | Reached XP level 4. HP: 41/41 MP: 3/3
  1116 | D:2      | Found a faded altar of an unknown god.
  1414 | D:2      | Found a snail-covered altar of Cheibriados.
  1870 | D:3      | Killed from afar by an orc priest

Illustrated notes

Levels and vault maps discovered:
D:1:      psy_arrival_whirlpool, layout_basic, minmay_cut_off
D:2:      layout_basic, ebering_ecumenical_altar_sacrificial, basic_altar,
          minivault_14, serial_bayou_crossing
D:3:      layout_rooms

Skill      XL: |  1  2  3 |
---------------+----------+-----
Armour         | 4 |  4.5
Fighting       | 4 |  4.5
Long Blades    | 3 |  3.4
Shields        | 4 |  4.1
Dodging        | |  0.4

Action                   |  1- 3 |  4- 6 || total
-------------------------+-------+-------++-------
Melee: Long sword        |    78 |    40 ||   118
       Headbutt          |    12 |     5 ||    17
Armor: Scale mail        |    12 |       ||    12
       Ring mail         |    20 |     8 ||    28
Dodge: Dodged            |    24 |     9 ||    33
Block: Kite shield       |    48 |    19 ||    67
       Rpst.: Long sword |     7 |     5 ||    12
